 Dungeon Crawl Stone Soup version 0.18.1-48-g4cf74bf (webtiles) character file.

22841 tyrion the Grappler (level 12, -5/120 HPs)
             Began as a Troll Wizard on July 25, 2016.
             Was a High Priest of Cheibriados.
             Slain by an orc warrior
             ... wielding a +0 battleaxe
              (14 damage)
             ... on level 13 of the Dungeon on July 26, 2016.
             The game lasted 00:31:11 (12701 turns).

tyrion the Grappler (Troll Wizard)                 Turns: 12701, Time: 00:31:11

Health: -5/120     AC: 15    Str: 31    XL:     12   Next: 66%
Magic:  18/18      EV: 11    Int: 31    God:    Cheibriados [*****.]
Gold:   959        SH:  0    Dex: 21    Spells: 4 memorised, 12 levels left

rFire  . . .     SeeInvis .       - Unarmed
rCold  . . .     Gourm    +     a - +0 mottled dragon armour
rNeg   . . .     Faith    .     (no shield)
rPois  .         Spirit   .     i - +2 hat
rElec  .         Dismiss  .     y - +2 cloak
rCorr  .         Reflect  .     (gloves unavailable)
SustAt +         Harm     .     (boots unavailable)
MR     .....                    k - amulet of magic regeneration
Stlth  ++........               L - ring of flight
                                m - ring of sustain attributes

@: very slightly contaminated, very slow, not resistant to hostile enchantments,
unstealthy
A: unfitting armour, claws 3, fast metabolism 3, gourmand, regeneration 2,
shaggy fur 1, tough skin 2
a: Bend Time, Temporal Distortion, Slouch, Step From Time, Renounce Religion,
Evoke Flight


You were on level 13 of the Dungeon.
You worshipped Cheibriados.
Cheibriados was extremely pleased with you.
You were very full.

You visited 2 branches of the dungeon, and saw 14 of its levels.
You also visited: Sewer.

You collected 959 gold pieces.

Inventory:

Hand Weapons
 e - the +4 arc blade {discharge, rElec}
   (You took it off a crimson imp on level 8 of the Dungeon)

   It insulates you from electricity.
Missiles
 T - 9 large rocks (quivered)
Armour
 a - a +0 mottled dragon armour (worn)
 i - a +2 hat (worn)
 w - a +0 shield
 y - a +2 cloak (worn)
Jewellery
 k - an amulet of magic regeneration (around neck)
 m - a ring of sustain attributes (left claw)
 L - a ring of flight (right claw)
 M - an uncursed ring of protection from fire
 R - an uncursed ring of fire {unknown}
 S - a +5 amulet of reflection {unknown}
Wands
 h - a wand of iceblast (0/15)
 q - a wand of flame (9/48)
 D - a wand of paralysis (21/24)
 E - a wand of disintegration (0/24)
 O - a wand of disintegration (13/24)
 Q - a wand of flame (3/48)
Scrolls
 n - a scroll of recharging
 o - 7 scrolls of remove curse
 s - 3 scrolls of enchant weapon
 u - 5 scrolls of teleportation
 v - a scroll of magic mapping
 I - a scroll of identify
 J - a scroll of fog
Potions
 b - 2 potions of lignification
 g - 2 potions of cancellation
 l - a potion of resistance
 r - 5 potions of flight
 A - a potion of ambrosia
 B - a potion of mutation
 C - a potion of might
 F - a potion of agility {unknown}
Books
 c - a book of Minor Magic

   Spells                             Type                      Level
   a - Magic Dart                     Conjuration                  1
   b - Blink                          Translocation                2
   c - Call Imp                       Summoning                    2
   d - Repel Missiles                 Charms/Air                   2
   e - Slow                           Hexes                        2
   f - Conjure Flame                  Conjuration/Fire             3
   g - Mephitic Cloud                 Conjuration/Poison/Air       3
 H - a book of the Tempests

   Spells                             Type                      Level
   a - Static Discharge               Conjuration/Air              3
   b - Lightning Bolt                 Conjuration/Air              5
   c - Fireball                       Conjuration/Fire             5
   d - Tornado                        Air                          9
   e - Shatter                        Earth                        9
Comestibles
 d - 9 bread rations
 f - 2 meat rations
 j - 2 royal jellies
 p - 12 slices of pizza
 z - 4 beef jerkies


   Skills:
 * Level 8.3 Fighting
 * Level 5.3 Armour
 - Level 2.5 Dodging
 - Level 1.1 Stealth
 * Level 7.1 Shields
 * Level 10.0 Unarmed Combat
 + Level 4.7 Spellcasting
 - Level 3.0 Conjurations
   Level 0.6 Summonings
 - Level 2.2 Translocations
 - Level 1.6 Air Magic
 - Level 1.7 Poison Magic
 * Level 7.0 Invocations


You had 12 spell levels left.
You knew the following spells:

 Your Spells              Type           Power        Failure   Level  Hunger
a - Magic Dart            Conj           ####         1%          1    None
b - Blink                 Tloc           N/A          4%          2    None
c - Repel Missiles        Chrm/Air       ##....       10%         2    None
d - Mephitic Cloud        Conj/Pois/Air  ###.....     10%         3    #......


Dungeon Overview and Level Annotations

Branches:
Dungeon (13/15)            Temple (1/1) D:6            Lair (0/8) D:9
    Orc (0/2) D:12
 Vaults: D:13-14

Altars:
Ashenzari
Cheibriados
Dithmenos
Elyvilon
Fedhas
Gozag
Kikubaaqudgha
Makhleb
Nemelex Xobeh
Okawaru
Pakellas
Qazlal
Ru
Sif Muna
Trog
Vehumet
Xom
Yredelemnul
Zin
The Shining One

Annotations:
D:7 ishanyx's ghost, novice SpCK


Innate Abilities, Weirdness & Mutations

You are too large for most types of armour.
You have claws for hands.
Your metabolism is lightning-fast.
You like to eat raw meat.
You heal very quickly.
You are covered in fur (AC +1).
You have very tough skin (AC +2).


Message History

* * * LOW HITPOINT WARNING * * *
The orc warrior closely misses you.
Unknown command.
You barely miss the orc warrior.
The orc warrior is lightly wounded.
The orc warrior hits you with a battleaxe!
* * * LOW HITPOINT WARNING * * *
Unknown command.
Drink which item? (? for menu, Esc to quit)
Okay, then.
Read which item? (? for menu, Esc to quit)
Okay, then.
Evoke which item? (* to show all) (? for menu, Esc to quit)
Okay, then.
You don't have enough magic at the moment.
Unknown command.
Drink which item? (? for menu, Esc to quit)
Magic courses through your body.
The orc warrior hits you with a battleaxe!
You die...

........... #..........
#.......... #.......... #####
#.......... #...# #..........
#####...###############..........
....<...........@)...........†.†.
................o..).).......)...
#############...§§§..........)†††
#e# #...§...###.....).... #H#
#.####### #.......... #p# ##.#
#.......... #c# #.#)# #..........
#s#.##.# #.......... #.#.#§#
#..........


You could see an orc warrior.

Vanquished Creatures
  Erolcha (D:10)
  Harold (D:10)
  2 centaur warriors (D:13)
  A tengu warrior (D:13)
  An unseen horror (D:10)
  5 hill giants
  A deep elf mage (D:13)
  3 ugly things
  3 cyclopes
  4 slime creatures (D:12)
  Maurice (D:8)
  An efreet (D:13)
  A freezing wraith (D:13)
  4 trolls
  Grinder (D:3)
  A two-headed ogre (D:9)
  A hill giant zombie (D:12)
  A vampire (D:11)
  A wyvern (D:13)
  A wraith (D:12)
  8 yaks
  The ghost of tagomago the Poker, an amateur MfAK of Lugonu (D:4)
  A mottled dragon (D:12)
  3 hungry ghosts
  4 hippogriffs
  A soldier ant (D:12)
  6 orc warriors
  4 sky beasts
  3 necrophages
  2 black bears
  11 phantoms
  An eye of draining (D:12)
  4 ogres
  7 centaurs
  3 big kobolds
  9 giant frogs
  A wyvern zombie (D:12)
  A wyvern skeleton (D:12)
  5 scorpions
  15 killer bees
  7 wights
  2 howler monkeys
  A vampire bat (D:5)
  2 jellies
  4 crimson imps
  2 centaur zombies
  4 giant frog skeletons
  8 hounds
  6 orc priests
  2 giant frog zombies (D:11)
  16 orc wizards
  2 centaur skeletons
  Terence (D:3)
  3 iguanas
  9 worker ants
  3 sheep (D:11)
  5 ogre zombies (D:12)
  A hound skeleton (D:10)
  2 worker ant zombies
  7 gnolls
  16 adders
  2 shadow imps
  3 oozes
  An adder skeleton (D:9)
  2 worms
  2 dart slugs
  5 giant geckos
  46 orcs
  3 ball pythons
  5 bats
  3 bat skeletons (D:5)
  2 bat zombies (D:5)
  14 giant cockroaches
  6 goblins
  4 hobgoblins
  11 jackals
  3 quokkas
  A giant gecko skeleton (D:5)
  9 giant newts
  2 goblin skeletons (D:12)
  2 goblin zombies (D:12)
  A hobgoblin skeleton (D:12)
  2 hobgoblin zombies (D:12)
  A jackal skeleton (D:4)
  24 kobolds
  4 orc skeletons
  8 orc zombies (D:12)
  5 rats
399 creatures vanquished.

Vanquished Creatures (others)
  A hippogriff (D:13)
1 creature vanquished.

Grand Total: 400 creatures vanquished

Notes
Turn   | Place    | Note
--------------------------------------------------------------
     0 | D:1      | tyrion the Troll Wizard began the quest for the Orb.
     0 | D:1      | Reached XP level 1. HP: 16/16 MP: 2/2
   102 | D:1      | Reached skill level 1 in Unarmed Combat
   506 | D:1      | Reached XP level 2. HP: 26/26 MP: 4/4
   556 | D:1      | Reached skill level 1 in Conjurations
  1245 | D:1      | Reached XP level 3. HP: 31/32 MP: 5/5
  1418 | D:2      | Found a stormy altar of Qazlal.
  1444 | D:2      | Reached skill level 1 in Fighting
  1463 | D:2      | Found an oddly glowing altar of Pakellas.
  1810 | D:2      | Reached XP level 4. HP: 36/41 MP: 6/6
  1833 | D:2      | Learned a level 2 spell: Blink
  1836 | D:2      | Learned a level 2 spell: Repel Missiles
  2168 | D:3      | Reached skill level 2 in Unarmed Combat
  2168 | D:3      | Reached XP level 5. HP: 15/48 MP: 7/7
  2268 | D:3      | Found a glowing drain.
  2273 | Sewer    | Entered a sewer
  2582 | D:3      | Noticed Grinder
  2587 | D:3      | Paralysed by Grinder for 5 turns
  2602 | D:3      | Reached XP level 6. HP: 53/57 MP: 8/8
  2610 | D:4      | Learned a level 3 spell: Mephitic Cloud
  2654 | D:4      | Reached skill level 3 in Unarmed Combat
  2654 | D:4      | Reached skill level 1 in Translocations
  2665 | D:3      | Paralysed by Grinder for 2 turns
  2671 | D:3      | Paralysed by Grinder for 6 turns
  2845 | D:4      | Found a shadowy altar of Dithmenos.
  2881 | D:4      | Reached XP level 7. HP: 58/66 MP: 9/9
  3197 | D:4      | Noticed tagomago's ghost (amateur MfAK)
  3226 | D:4      | Killed tagomago's ghost
  3226 | D:4      | Reached skill level 4 in Unarmed Combat
  3541 | D:3      | Noticed Terence
  3554 | D:3      | Killed Terence
  3720 | D:3      | Killed Grinder
  3720 | D:3      | Reached XP level 8. HP: 48/75 MP: 11/11
  3795 | D:4      | Reached skill level 1 in Air Magic
  3888 | D:5      | Entered Level 5 of the Dungeon
  3912 | D:5      | Found an ancient bone altar of Kikubaaqudgha.
  3923 | D:5      | Reached skill level 1 in Poison Magic
  4637 | D:6      | Found a blossoming altar of Fedhas.
  4797 | D:6      | Found a staircase to the Ecumenical Temple.
  4810 | D:6      | Reached skill level 1 in Shields
  4810 | D:6      | Reached skill level 5 in Unarmed Combat
  4845 | Temple   | Entered the Ecumenical Temple
  4852 | Temple   | Became a worshipper of Cheibriados the Contemplative
  5345 | D:6      | Reached * piety under Cheibriados
  5401 | D:6      | Found a deep blue altar of Sif Muna.
  5415 | D:6      | Reached XP level 9. HP: 83/85 MP: 8/12
  5659 | D:7      | Reached skill level 1 in Invocations
  5734 | D:7      | Noticed ishanyx's ghost (novice SpCK)
  6066 | D:8      | Noticed Maurice
  6075 | D:8      | Reached skill level 6 in Unarmed Combat
  6125 | D:8      | Killed Maurice
  6125 | D:8      | Reached skill level 5 in Fighting
  6281 | D:8      | Found a shattered altar of Ashenzari.
  6334 | D:8      | Reached ** piety under Cheibriados
  6413 | D:8      | Noticed a purple ugly thing
  6447 | D:8      | Killed a purple ugly thing
  6567 | D:8      | Found a burning altar of Makhleb.
  6923 | D:8      | Reached XP level 10. HP: 56/97 MP: 14/14
  6997 | D:8      | Found a shimmering altar of Xom.
  7035 | D:8      | Reached skill level 7 in Unarmed Combat
  7074 | D:8      | Found a white marble altar of Elyvilon.
  7076 | D:8      | Found a glowing silver altar of Zin.
  7082 | D:8      | Found a glowing golden altar of the Shining One.
  7280 | D:9      | Found a stormy altar of Qazlal.
  7370 | D:9      | Found an iron altar of Okawaru.
  7371 | D:9      | Found a bloodstained altar of Trog.
  7652 | D:9      | Reached *** piety under Cheibriados
  7709 | D:9      | Found a staircase to the Lair.
  7779 | D:9      | Found a sacrificial altar of Ru.
  8267 | D:10     | Entered Level 10 of the Dungeon
  8330 | D:10     | Found an opulent altar of Gozag.
  8372 | D:10     | Noticed Erolcha
  8375 | D:10     | Noticed a hill giant
  8380 | D:10     | Noticed Harold
  8382 | D:10     | Killed Erolcha
  8382 | D:10     | Reached skill level 1 in Armour
  8390 | D:10     | Killed a hill giant
  8405 | D:10     | Killed Harold
  8405 | D:10     | Reached skill level 5 in Shields
  8405 | D:10     | Reached skill level 8 in Unarmed Combat
  8561 | D:10     | Killed an unseen horror
  8646 | D:10     | Reached **** piety under Cheibriados
  8729 | D:10     | Reached XP level 11. HP: 101/107 MP: 16/16
  8916 | D:10     | Noticed a hill giant
  8921 | D:10     | Killed a hill giant
  9254 | D:11     | Reached skill level 5 in Invocations
  9496 | D:11     | Reached ***** piety under Cheibriados
 10735 | D:12     | Reached skill level 9 in Unarmed Combat
 11065 | D:12     | Found a staircase to the Orcish Mines.
 11382 | D:12     | Reached ****** piety under Cheibriados
 11888 | D:13     | Noticed a hill giant
 11949 | D:13     | Noticed a tengu warrior
 11951 | D:13     | Noticed a centaur warrior
 12009 | D:12     | Noticed a hill giant
 12017 | D:12     | Killed a hill giant
 12017 | D:12     | Reached XP level 12. HP: 88/117 MP: 14/17
 12451 | D:13     | Killed a tengu warrior
 12490 | D:13     | Killed a centaur warrior
 12490 | D:13     | Reached skill level 5 in Armour
 12615 | D:13     | Noticed a centaur warrior
 12619 | D:13     | Noticed a vault guard
 12630 | D:13     | Killed a centaur warrior
 12689 | D:13     | Reached skill level 10 in Unarmed Combat
 12701 | D:13     | Slain by an orc warrior

Skill      XL: |  1  2  3  4  5  6  7  8  9 10 11 12 |
---------------+-------------------------------------+-----
Unarmed Combat | 1 2 3 4 5 6 8 9 10 | 10.0
Conjurations   | 1 2 3 |  3.0
Fighting       | 1 2 3 4 5 6 7 8 |  8.3
Dodging        | 2 |  2.5
Translocations | 1 2 |  2.2
Air Magic      | 1 |  1.6
Poison Magic   | 1 |  1.7
Shields        | 2 4 5 6 7 |  7.1
Spellcasting   | 3 4 |  4.7
Invocations    | 3 4 6 7 |  7.0
Armour         | 2 4 5 |  5.3
Stealth        | |  1.1
Summonings     | |  0.6

Action                   |  1- 3 |  4- 6 |  7- 9 | 10-12 || total
-------------------------+-------+-------+-------+-------++-------
Melee: Unarmed           |   149 |   249 |   415 |   681 ||  1494
       Punch             |     2 |     1 |     4 |    52 ||    59
 Cast: Mephitic Cloud    |       |       |     7 |    25 ||    32
       Blink             |       |       |     5 |    24 ||    29
Invok: Slouch            |       |       |       |     4 ||     4
       Bend Time         |       |       |       |     2 ||     2
Evoke: Wand              |       |       |       |    11 ||    11
  Use: Scroll            |       |     8 |     2 |    18 ||    28
       Potion            |       |       |     4 |     3 ||     7
 Stab: Sleeping          |       |       |     3 |     3 ||     6
       Confused          |       |       |     5 |    12 ||    17
       Distracted        |       |       |       |     1 ||     1
  Eat: Chunk             |    17 |    11 |    31 |    43 ||   102
       Meat ration       |     1 |       |       |     2 ||     3
Armor: Robe              |   104 |   104 |   132 |   132 ||   472
       Mottled dragon ar |       |       |       |   205 ||   205
       Troll leather arm |       |       |       |     7 ||     7
Dodge: Dodged            |    87 |   136 |   190 |   362 ||   775
